AoeStats
← 尘

Nomad

509654020Analyzed
4v4 RM · 4d ago on Sep 27, 2026· 45m 21s· 8 players
Game mode
Random Map
Map size
231×231
Population
200
Speed
Normal
Resources
Standard
Victory
Conquest
Starting age
Dark Age
Ending age
Imperial Age
RankedLock teamsTeams togetherTeam positionsShared explorationLock speedFull tech treeHidden civsTurbo modeCheats
Victory
Defeat
🇵🇰 Danes · Pakistan
1243
+12
🇵🇰 Portuguese · Pakistan
1205
+14
🇵🇰 Magyars · Pakistan
1154
+15
🇮🇳 Dravidians · India
1082
+18
🇪🇸 Varangians · Spain
1180
-16
🇹🇼 Koreans · Taiwan
1145
-15
🇦🇺 Japanese · Australia
1136
-14
🇨🇳 Mongols · China
1135
-14
Hanoboy
5:49 Loom
12:29 Feudal Age
19:13 Double-Bit Axe
21:06 Fletching
23:24 Wheelbarrow
25:36 Castle Age
24:02 Fishing Lines
24:57 Padded Archer Armor
25:51 Horse Collar
26:40 Gold Mining
27:08 Leather Archer Armor
26:51 Bodkin Arrow
27:18 Medium Warships
28:50 Stone Mining
29:13 Bow Saw
29:05 Heavy Plow
29:54 Hand Cart
30:28 Crossbowman
31:16 Thumb Ring
33:13 Ballistics
32:49 Murder Holes
32:35 Treadmill Crane
33:07 Masonry
37:04 Imperial Age
37:31 Arbalester
38:16 Bracer
38:46 Ring Archer Armor
39:20 Chemistry
39:17 Capped Ram
40:41 Conscription
40:46 Bombard Tower
40:53 Bombard Tower
42:10 Two-Man Saw
42:10 Siege Engineers
42:36 Architecture
The Jinn
10:10 Loom
15:53 Feudal Age
18:07 Man-at-Arms
21:14 Castle Age
21:26 Fletching
21:38 Padded Archer Armor
30:35 Bodkin Arrow
31:47 Fishing Lines
40:50 Ballistics
40:55 Thumb Ring
41:15 Stone Mining
41:15 Gold Mining
44:43 Double-Bit Axe
45:39 Wheelbarrow
Zuku
5:20 Loom
12:23 Feudal Age
12:57 Double-Bit Axe
13:19 Fishing Lines
15:10 Forging
17:30 Horse Collar
20:17 Wheelbarrow
20:16 Stone Mining
24:43 Castle Age
22:43 Gold Mining
25:38 Fletching
26:07 Medium Warships
25:55 Gillnets
26:41 Bow Saw
28:19 Iron Casting
27:44 Scale Mail Armor
27:59 Bodkin Arrow
28:27 Town Watch
29:57 Coinage
29:18 Arson
29:34 Squires
29:19 Gambesons
29:53 Hand Cart
29:26 Hamask
31:16 Gold Shaft Mining
32:16 Chain Mail Armor
35:23 Imperial Age
36:18 Bracer
37:19 Blast Furnace
37:07 Conscription
38:03 Plate Mail Armor
40:56 Elite Jomsviking
42:41 Stone Shaft Mining
42:15 Padded Archer Armor
43:37 Leather Archer Armor
45:13 Ring Archer Armor
45:47 Chemistry
45:07 Ballistics
44:59 Masonry
45:11 Heavy Plow
Mehar
5:59 Loom
17:38 Feudal Age
21:49 Castle Age
19:38 Double-Bit Axe
19:37 Horse Collar
21:05 Scale Barding Armor
23:37 Wheelbarrow
23:33 Bow Saw
23:55 Town Watch
28:33 Stone Mining
28:33 Gold Mining
31:59 Fletching
38:09 Gold Shaft Mining
38:01 Heavy Plow
39:04 Husbandry
39:16 Bloodlines
43:55 Imperial Age
45:19 Chain Barding Armor
44:33 Cavalier
Note1984
6:18 Loom
14:07 Feudal Age
15:43 Double-Bit Axe
19:49 Castle Age
18:06 Stone Mining
18:21 Fletching
18:19 Fishing Lines
22:01 Bodkin Arrow
22:13 Scale Barding Armor
26:46 Horse Collar
29:11 Heavy Plow
30:25 Forging
31:57 Wheelbarrow
31:46 Bow Saw
31:29 Gold Mining
32:15 Stone Shaft Mining
35:16 Hand Cart
40:44 Imperial Age
38:56 Town Watch
39:55 Husbandry
40:48 Elite Jarl
41:50 Conscription
42:38 Chain Barding Armor
42:54 Iron Casting
45:07 Plate Barding Armor
crazyeyee
6:27 Loom
14:10 Feudal Age
19:54 Wheelbarrow
23:01 Castle Age
22:34 Horse Collar
23:15 Fletching
24:45 Gold Mining
24:46 Stone Mining
29:12 Double-Bit Axe
38:54 Imperial Age
38:02 Bow Saw
38:06 Bodkin Arrow
41:06 Hand Cart
DevFreak
5:25 Loom
13:19 Feudal Age
14:17 Fishing Lines
17:13 Double-Bit Axe
17:12 Horse Collar
21:14 Castle Age
19:10 Stone Mining
20:20 Gold Mining
21:46 Wheelbarrow
27:31 Bow Saw
27:54 Fletching
30:21 Bloodlines
30:26 Husbandry
30:46 Padded Archer Armor
31:57 Leather Archer Armor
32:41 Bodkin Arrow
35:07 Hand Cart
40:18 Imperial Age
38:33 Ballistics
38:25 Thumb Ring
40:28 Heavy Cavalry Archer
41:41 Parthian Tactics
41:31 Bracer
42:13 Kataparuto
43:09 Pikeman
43:51 Scale Mail Armor
43:13 Elite Skirmisher
44:26 Ring Archer Armor
尘
13:56 Feudal Age
13:56 Loom
19:44 Castle Age
18:18 Double-Bit Axe
18:52 Horse Collar
21:46 Gold Mining
22:10 Stone Mining
26:07 Wheelbarrow
25:50 Bow Saw
29:42 Scale Barding Armor
35:31 Murder Holes
Connection lost

Rejoining the realm…

Still unreachable

The connection could not be restored.

Session expired

The server has moved on; the page needs a fresh start.